 Dungeon Crawl Stone Soup version 0.25-a0-294-gea9b1ad378 (webtiles) character file.

Game seed: 14532100970119386893, levelgen mode: classic

418 Borgoz the Cutter (level 7, -2/46 HPs)
             Began as a Halfling Gladiator on Dec 18, 2019.
             Slain by Duvessa
             ... wielding a +3 short sword of speed
              (9 damage)
             ... on level 5 of the Dungeon.
             The game lasted 00:05:13 (3793 turns).

Borgoz the Cutter (Halfling Gladiator)              Turns: 3793, Time: 00:05:14

Health: -2/46      AC:  7    Str: 15    XL:     7   Next: 16%
Magic:  7/7        EV: 17    Int:  6    God:
Gold:   175        SH:  7    Dex: 18    Spells: 6/6 levels left

rFire    . . .     SeeInvis .   a - +0 rapier
rCold    . . .     Gourm    +   m - +1 buckler {reflect}
rNeg     . . .     Faith    .   b - +0 leather armour
rPois    .         Spirit   .   c - +0 helmet
rElec    .         Reflect  +   r - +0 cloak
rCorr    .         Harm     .   l - +0 pair of gloves
MR       .....                  q - +0 pair of boots
Stlth    +.........             o - amulet of the gourmand
HPRegen  0.15/turn              (no ring)
MPRegen  0.10/turn              (no ring)

@: no status effects
A: small, mutation resistance 1
a: no special abilities


You were on level 5 of the Dungeon.
You were very full.

You visited 1 branch of the dungeon, and saw 5 of its levels.

You collected 175 gold pieces.

Inventory:

Hand Weapons
 a - a +0 rapier (weapon)
Armour
 b - a +0 leather armour (worn)
 c - a +0 helmet (worn)
 l - a +0 pair of gloves (worn)
 m - a +1 buckler of reflection (worn)
 q - a +0 pair of boots (worn)
 r - a +0 cloak (worn)
Jewellery
 o - an amulet of the gourmand (around neck)
Wands
 n - a wand of random effects (22)
Scrolls
 e - a scroll of enchant armour {unknown}
 g - a scroll of fog {unknown}
 i - 2 scrolls of identify
 j - 3 scrolls of remove curse {unknown}
 k - a scroll of enchant weapon {unknown}
 p - a scroll of immolation {unknown}
 s - a scroll of random uselessness {unknown}
 t - a scroll of fear {unknown}
Potions
 h - a potion of brilliance
Comestibles
 f - 7 rations


   Skills:
 + Level 3.4 Fighting
 + Level 5.2 Short Blades
 - Level 2.0 Throwing
 + Level 3.1 Armour
 + Level 4.7 Dodging
 + Level 2.4 Shields
 + Level 0.3 Evocations


You had 6 spell levels left.
You didn't know any spells.
Your spell library was empty.

Dungeon Overview and Level Annotations

Branches:
Dungeon (5/15)
 Temple: D:4-7

Altars:
Gozag
Okawaru
Trog
Zin

Shops:
D:4 =

Annotations:
D:5 Dowan, Duvessa


Innate Abilities, Weirdness & Mutations

You are small and have problems with some larger weapons.
You are somewhat resistant to further mutation.


Message History

Dowan blinks!
You hit Duvessa.
Duvessa is heavily wounded.
Duvessa struggles against the net.
The net rips apart, and Duvessa comes free!
You block Duvessa's attack.
You closely miss Duvessa.
Duvessa is heavily wounded.
Duvessa hits you with a +3 short sword of speed.
* * * LOW HITPOINT WARNING * * *
Dowan hits you but does no damage. Duvessa barely misses you.
You hit Duvessa but do no damage.
Duvessa is heavily wounded.
Duvessa hits you with a +3 short sword of speed.
* * * LOW HITPOINT WARNING * * *
Dowan misses you.
You hit Duvessa.
Duvessa is severely wounded.
Duvessa hits you with a +3 short sword of speed!
You die...

### #(. ..$ ######## #.#
.......# #.# ######.### #e#
# #.#>#.#####@# #
#.#.#....$.e#### # #
#.#............#.# #
#.#.##########.#.# # ##.#.#
#........#
#####..#.#####.####.#######
...................†.......
#####.##.#####.#..#.#######
#####.##.# #.#..#...


You could see Duvessa and Dowan.

Vanquished Creatures
  A bullfrog (D:3)
  A scorpion (D:5)
  Crazy Yiuf (D:3)
  3 orc wizards (D:4)
  An iguana (D:4)
  A worker ant (D:4)
  A worker ant zombie (D:4)
  5 adders
  2 oozes
  2 worms (D:2)
  A leopard gecko (D:2)
  15 orcs
  5 giant cockroaches
  6 goblins
  3 hobgoblins
  3 jackals (D:1)
  3 quokkas
  A ball python (D:4)
  3 bats
  6 frilled lizards
  2 kobolds
  2 leopard gecko skeletons (D:4)
  3 rats
71 creatures vanquished.

Vanquished Creatures (others)
  An ogre (D:5)
1 creature vanquished.

Grand Total: 72 creatures vanquished

Notes
Turn   | Place    | Note
-------+----------+-------------------------------------------
     0 | D:1      | Borgoz the Halfling Gladiator began the quest for the Orb.
     0 | D:1      | Reached XP level 1. HP: 14/14 MP: 1/1
   388 | D:1      | Reached XP level 2. HP: 19/19 MP: 2/2
   687 | D:1      | Reached skill level 1 in Armour
   780 | D:2      | Reached XP level 3. HP: 11/24 MP: 3/3
   801 | D:2      | Reached skill level 4 in Short Blades
  1253 | D:2      | Reached XP level 4. HP: 29/30 MP: 4/4
  1674 | D:3      | Noticed a bullfrog
  1683 | D:3      | Killed a bullfrog
  1683 | D:3      | Reached skill level 1 in Shields
  1683 | D:3      | Reached XP level 5. HP: 15/35 MP: 5/5
  1973 | D:3      | Found an iron altar of Okawaru.
  1975 | D:3      | Found a bloodstained altar of Trog.
  2224 | D:3      | Found a runed translucent door.
  2225 | D:3      | Noticed Crazy Yiuf
  2398 | D:3      | Killed Crazy Yiuf
  2524 | D:4      | Reached XP level 6. HP: 32/42 MP: 6/6
  2601 | D:4      | Found a glowing silver altar of Zin.
  2601 | D:4      | Found an opulent altar of Gozag.
  2762 | D:4      | Reached skill level 5 in Short Blades
  3142 | D:4      | Found Nexous's Jewellery Shoppe.
  3550 | D:4      | Reached XP level 7. HP: 35/46 MP: 7/7
  3625 | D:5      | Entered Level 5 of the Dungeon
  3772 | D:5      | Noticed Duvessa
  3772 | D:5      | Noticed Dowan
  3793 | D:5      | Slain by Duvessa

Levels and vault maps discovered:
D:1:      minmay_arrival_diagonal_passages, layout_basic
D:2:      layout_rooms, first_ration
D:3:      layout_loops_ring, chequers_temple_overflow_statue_of_worship,
          uniq_crazy_yiuf_cottage
D:4:      layout_loops_ring, nicolae_overflow_hidden_temple,
          grunt_temple_overflow_gold_and_silver, serial_shops,
          nicolae_shop_waterfront, hangedman_decor_peaks_small, kennysheep_nub
D:5:      layout_basic, xom_confusion_cloud, uniq_duvessa

Skill      XL: |  1  2  3  4  5  6 |
---------------+-------------------+-----
Fighting       | 2 3 |  3.4
Armour         | 1 2 3 |  3.1
Short Blades   | 4 5 |  5.2
Dodging        | 4 |  4.7
Shields        | 1 2 |  2.4
Throwing       | |  2.0
Evocations     | |  0.3

Action                   |  1- 3 |  4- 6 |  7- 9 || total
-------------------------+-------+-------+-------++-------
Melee: Rapier            |   100 |   220 |    36 ||   356
Throw: Throwing net      |     4 |     1 |     3 ||     8
  Use: Scroll            |       |     2 |       ||     2
       Potion            |       |     1 |       ||     1
 Stab: Held in net/web   |     1 |       |       ||     1
       Sleeping          |       |     2 |       ||     2
  Eat: Chunk             |     1 |    18 |       ||    19
Armor: Leather armour    |    25 |    40 |     2 ||    67
Dodge: Dodged            |    88 |   106 |    17 ||   211
Block: Buckler           |       |    61 |    14 ||    75

Table legend:
 A = Non-vault XP
 B = Vault XP
 C = Vault XP percentage of total XP
 D = Non-vault monster count
 E = Vault monster count
 F = Vault count percentage of total count
                 A         B        C        D         E       F
            +---------+---------+-------+---------+---------+-------
      Total |     557 |      41 |   6.9 |      70 |       1 |   1.4
            +---------+---------+-------+---------+---------+-------
        D:1 |      25 |       0 |   0.0 |      11 |       0 |   0.0
        D:2 |      50 |       0 |   0.0 |      15 |       0 |   0.0
        D:3 |     137 |      41 |  23.0 |      15 |       1 |   6.2
        D:4 |     279 |       0 |   0.0 |      28 |       0 |   0.0
        D:5 |      66 |       0 |   0.0 |       1 |       0 |   0.0
            +---------+---------+-------+---------+---------+-------
